Map: Cyber Forest LE

Players

Krispy - Winner!

  • Race: Protoss Protoss
  • League: Silver
  • Spawn Location: 11:00

TiPtOP

  • Race: Terran Terran
  • League: Silver
  • Spawn Location: 5:00

VOD

Have the link to the VOD?

Description

Time

  • Played on: May 13, 2019, 11 p.m.
  • Length: 28:12
Show
View Real Time Build Order
Export as new Build Order

Krispy Protoss - Winner!

Build Orders:  

Get SALT Encoding   

  1  0:00  Probe  
  13  0:14  Pylon  
  13  0:20  Probe  
  14  0:32  Probe  
  15  0:37  Forge  
  15  0:49  Pylon  
  15  1:12  Photon Cannon  
  15  1:13  Photon Cannon  
  15  1:20  Pylon  
  15  1:35  Pylon  
  14  1:53  Probe  
  15  2:00  Gateway  
  15  2:05  Probe, Assimilator  
  16  2:24  Photon Cannon  
  16  2:29  Probe  
  16  2:37  Probe  
  17  2:45  Probe  
  18  2:55  Probe  
  18  2:57  Cybernetics Core  
  19  3:03  Pylon  
  19  3:07  Probe  
  20  3:19  Probe  
  21  3:23  Photon Cannon  
  21  3:29  Zealot, Warp Gate  
  21  3:31  Probe  
  24  3:43  Probe  
  25  3:49  Assimilator  
  25  3:56  Stalker  
  27  4:03  Robotics Facility  
  27  4:13  Probe  
  28  4:28  Stalker  
  30  4:42  Nexus  
  30  4:50  Probe  
  30  4:51  Stargate  
  31  5:00  Shield Battery  
  31  5:02  Probe  
  32  5:12  Photon Cannon  
  32  5:22  Stalker  
  34  5:31  Photon Cannon  
  34  5:37  Photon Cannon  
  34  5:44  Pylon  
  34  5:59  Stalker  
  34  6:02  Probe, Protoss Ground Weapons Level 1  
  36  6:10  Probe  
  37  6:12  Assimilator  
  37  6:15  Assimilator  
  38  6:36  Zealot  
  41  6:40  Probe  
  41  6:46  Gateway  
  41  6:48  Gateway  
  41  6:53  Oracle  
  44  7:05  Robotics Facility  
  44  7:09  Probe  
  45  7:21  Probe  
  46  7:35  Pylon  
  46  7:40  Pylon  
  46  7:43  Oracle  
  46  7:44  Pylon  
  46  7:49  Probe  
  46  7:57  Probe  
  50  7:59  Observer  
  50  8:04  Zealot x2, Protoss Ground Armor Level 1  
  56  8:08  Probe  
  57  8:19  Zealot  
  59  8:21  Immortal  
  63  8:33  Twilight Council  
  63  8:39  Photon Cannon  
  63  8:40  Probe  
  63  8:41  Photon Cannon  
  63  8:44  Photon Cannon  
  63  8:48  Probe  
  64  8:53  Zealot  
  67  8:58  Probe  
  68  9:10  Probe  
  69  9:25  Pylon  
  69  9:28  Pylon  
  69  9:30  Pylon  
  69  9:43  Immortal  
  70  10:05  Void Ray  
  74  10:22  Robotics Facility  
  74  10:24  Charge  
  74  10:25  Zealot  
  74  10:26  Zealot x2  
  74  10:28  Protoss Ground Weapons Level 2  
  80  10:48  Void Ray  
  81  11:31  Void Ray, Nexus  
  85  11:35  Assimilator  
  85  11:37  Assimilator  
  85  11:50  Robotics Bay  
  84  12:01  Sentry x2  
  84  12:02  Sentry  
  90  12:14  Void Ray  
  94  12:35  Pylon  
  94  12:37  Pylon  
  94  12:40  Pylon  
  94  12:53  Probe  
  94  12:57  Void Ray  
  99  13:05  Probe  
  100  13:17  Probe  
  89  13:27  Colossus x2  
  89  13:34  Zealot x2  
  89  13:35  Zealot  
  107  13:54  Photon Cannon x2  
  107  13:58  Void Ray  
  111  14:05  Zealot x2  
  111  14:06  Zealot  
  111  14:08  Probe  
  118  14:20  Probe  
  118  14:29  Pylon  
  118  14:31  Pylon  
  118  14:47  Probe  
  118  14:48  Pylon  
  119  14:53  Zealot  
  119  14:54  Zealot x2  
  125  15:00  Pylon  
  125  15:01  Pylon  
  125  15:03  Pylon  
  125  15:39  Nexus  
  125  15:44  Pylon  
  125  15:47  Pylon  
  117  16:02  Zealot x3  
  123  16:05  Colossus  
  129  16:26  Fleet Beacon  
  129  16:44  Photon Cannon  
  129  16:49  Photon Cannon  
  129  16:56  Mothership  
  129  16:59  Extended Thermal Lance  
  129  17:02  Assimilator  
  137  17:31  Zealot x2  
  137  17:32  Sentry  
  143  17:37  Probe  
  144  17:45  Probe  
  145  17:52  Colossus  
  145  17:53  Colossus  
  145  17:56  Zealot x3  
  163  18:10  Pylon  
  163  18:16  Zealot  
  163  18:17  Zealot x2  
  169  18:22  Protoss Ground Weapons Level 3  
  169  18:43  Zealot x3  
  121  19:57  Blink  
  121  20:00  Assimilator, Mothership  
  121  20:03  Stalker x2  
  121  20:04  Stalker  
  123  20:36  Stalker x2  
  123  20:37  Stalker  
  129  20:51  Colossus  
  129  20:52  Colossus  
  141  21:01  Zealot x3  
  105  22:39  Protoss Ground Armor Level 2  
  105  22:42  Stalker  
  105  22:43  Stalker x2  
  111  22:53  Colossus  
  99  23:31  Stalker x3  
  105  23:36  Gateway  
  105  23:37  Colossus  
  105  23:38  Colossus, Gateway  
  105  23:44  Tempest  
  122  23:56  Zealot  
  122  23:57  Zealot x2  
  128  24:27  Tempest  
  133  24:53  Stalker  
  133  24:54  Stalker  
  133  24:59  Stalker x2  
  141  25:00  Stalker  
  143  25:10  Tempest  
  144  25:17  Stalker  
  144  25:18  Stalker  
  148  25:22  Stalker x2  
  148  25:23  Stalker  
  154  25:50  Zealot x2  
  154  25:51  Zealot x3  
  126  26:57  Stalker x2  
  126  26:58  Stalker x2  
  126  26:59  Stalker  
  126  27:01  Colossus x2  
  110  27:50  Stalker x2  
  110  27:51  Stalker x2  
  116  27:52  Stalker  
Show
View Real Time Build Order
Export as new Build Order

TiPtOP Terran 

Build Orders:  

Get SALT Encoding   

  12  0:00  SCV  
  14  0:21  SCV, Supply Depot  
  14  0:33  SCV  
  15  0:47  SCV, Barracks  
  16  0:50  Refinery  
  16  0:59  SCV  
  17  1:11  SCV  
  18  1:44  Marine  
  19  2:02  Marine  
  19  2:03  Barracks  
  20  2:12  SCV  
  21  2:24  SCV  
  22  2:32  Marine  
  23  2:43  Supply Depot  
  23  2:45  Supply Depot  
  23  2:52  Barracks Reactor  
  23  2:53  Barracks Tech Lab  
  23  3:00  Factory  
  23  3:05  SCV  
  24  3:12  Bunker  
  24  3:14  Stimpack  
  24  3:15  Marine  
  24  3:17  SCV  
  26  3:26  Refinery  
  26  3:29  SCV  
  26  3:33  Marine x3  
  30  3:39  Supply Depot  
  30  3:48  Factory Tech Lab  
  30  3:51  Marine x2  
  30  3:53  SCV  
  30  3:55  Marine  
  34  4:01  Supply Depot  
  34  4:05  SCV  
  34  4:08  Siege Tank, Marine  
  39  4:12  Marine  
  39  4:13  Marine  
  41  4:27  Supply Depot  
  41  4:32  Marine x3  
  44  4:41  Siege Tank  
  47  5:05  Orbital Command  
  47  5:07  Marine  
  47  5:08  Marine x2  
  50  5:14  Starport  
  50  5:25  Marine  
  51  5:42  Marine x2  
  53  5:43  Marine  
  54  6:05  Starport Reactor  
  54  6:09  SCV  
  55  6:16  Marine x3  
  55  6:18  Command Center  
  58  6:22  SCV  
  58  6:34  SCV, Marine x3  
  62  6:46  SCV  
  63  7:02  Supply Depot  
  63  7:04  Supply Depot  
  63  7:05  Supply Depot  
  63  7:24  Marine, Medivac x2  
  68  7:37  Engineering Bay  
  68  7:38  SCV  
  69  7:44  Marine x2  
  69  7:45  Marine  
  69  7:50  SCV  
  73  8:02  Marine  
  74  8:13  Marine  
  74  8:14  Marine  
  74  8:17  Siege Tank  
  74  8:18  Medivac x2  
  83  8:20  Marine  
  83  8:21  Terran Infantry Weapons Level 1  
  85  8:27  Refinery  
  85  8:28  SCV  
  85  8:30  Orbital Command  
  85  8:39  Bunker  
  85  8:40  SCV  
  85  8:41  Missile Turret  
  86  8:59  Missile Turret  
  86  9:01  Marine x3  
  89  9:13  Liberator  
  89  9:19  Marine x3  
  95  9:37  Marine x3  
  97  9:54  Marine x2  
  97  9:55  Marine  
  100  10:12  Marine x2  
  102  10:27  Terran Infantry Armor Level 1  
  102  10:44  Supply Depot  
  102  10:48  Barracks  
  102  10:51  Missile Turret  
  102  11:02  Missile Turret  
  102  11:05  Marine x3  
  102  11:09  Missile Turret  
  105  11:23  Marine  
  106  11:28  Marine x2  
  108  11:41  Marine  
  108  11:46  Marine  
  110  12:20  Marine, Medivac x2  
  108  12:27  Marine x2  
  110  12:55  Supply Depot  
  110  12:57  Starport  
  110  13:05  Supply Depot  
  110  13:15  Supply Depot  
  110  13:16  Viking x2, Marine x3  
  110  13:18  Missile Turret  
  118  13:22  Barracks Tech Lab  
  117  13:34  Marine  
  117  13:37  Supply Depot  
  118  13:41  Missile Turret  
  118  13:49  Marine, Marauder x2  
  118  13:52  Marine  
  124  13:56  Viking x2  
  124  14:02  Starport Reactor  
  128  14:06  Marine  
  128  14:09  Marine x2  
  129  14:10  Marine, Supply Depot  
  132  14:24  Marine  
  132  14:28  Marauder x2  
  137  14:33  Supply Depot  
  137  14:44  Viking x2  
  137  14:45  Viking x2  
  145  14:50  Command Center  
  145  15:00  Supply Depot  
  145  15:24  Supply Depot  
  145  15:31  Neosteel Armor  
  145  15:39  SCV x2  
  147  15:46  Supply Depot  
  147  15:51  SCV  
  147  15:52  SCV  
  149  16:10  Siege Tank  
  152  16:16  Refinery, SCV  
  153  16:25  Missile Turret  
  153  16:28  SCV  
  153  16:30  SCV  
  155  16:37  Supply Depot  
  155  16:40  SCV  
  155  16:42  SCV  
  155  16:43  Siege Tank  
  155  16:46  Missile Turret  
  160  16:53  Viking x4  
  160  16:54  SCV  
  169  17:15  Siege Tank  
  172  17:47  Siege Tank  
  172  17:49  SCV  
  176  17:53  Refinery  
  176  17:55  SCV  
  177  18:02  SCV  
  178  18:08  SCV  
  178  18:09  Marine x2  
  178  18:10  Marine x2  
  183  18:14  SCV  
  184  18:20  SCV  
  185  18:27  Marine x3  
  188  19:07  Marine  
  188  19:08  Marine x3  
  192  19:11  Widow Mine  
  150  19:25  Marine  
  150  19:26  Marine  
  123  19:32  Widow Mine  
  110  19:54  Widow Mine  
  110  19:55  Marine x4  
  114  20:12  Marine  
  114  20:13  Marine x2  
  107  20:31  Marine x4  
  111  20:40  Medivac x2  
  115  20:48  Siege Tank  
  115  20:49  Marine x4  
  122  20:59  Fusion Core  
  122  21:01  Starport  
  122  21:06  Marine  
  122  21:07  SCV x3, Marine x3  
  129  21:20  Siege Tank  
  129  21:24  Marine x2  
  129  21:25  Marine x2  
  99  21:42  Marine x2  
  88  21:53  Widow Mine, Marine x2  
  90  22:00  Marine x2  
  78  22:11  Marine x2  
  78  22:14  Widow Mine  
  76  22:18  Marine x2  
  78  22:28  Marine  
  78  22:29  Marine  
  80  22:30  Starport Tech Lab  
  80  22:35  Siege Tank  
  80  22:36  Marauder x2  
  87  22:46  Marine x2  
  89  22:55  Medivac x2  
  89  22:57  Marine x2  
  95  23:04  Marine  
  96  23:07  Siege Tank  
  96  23:16  Marauder x2  
  98  23:30  Battlecruiser  
  104  23:37  Marauder x2  
  104  23:39  Siege Tank  
  111  23:41  Command Center  
  111  24:09  Starport  
  111  24:11  Siege Tank  
  111  24:15  Liberator  
  114  24:17  Liberator  
  114  24:34  Medivac  
  114  24:37  Battlecruiser  
  128  24:56  Marine x4  
  132  25:01  Planetary Fortress  
  132  25:06  Starport Tech Lab  
  132  25:14  Marine x4  
  136  25:31  Marine  
  136  25:32  Marine x2  
  139  25:49  Bunker, Missile Turret  
  139  25:50  Bunker  
  139  25:52  Missile Turret  
  139  25:58  Battlecruiser  
  38  27:02  Marine x2  
  38  27:03  Marine x2  
Tags
 
Add a new tag
Caveats
  • Supply blocks, unpowered buildings, or Contaminate may cause inaccurate times.
  • Supply counts are checked every 10 seconds.